 Dungeon Crawl Stone Soup version 0.19.0-2-gae57169 (console) character file.

505 Kloppie the Skirmisher (level 6, -8/78 HPs)
             Began as a Demonspawn Berserker on Nov 6, 2016.
             Was a Believer of Trog.
             Mangled by Blork the orc
             ... wielding a +0 battleaxe
              (16 damage)
             ... on level 4 of the Dungeon.
             The game lasted 00:05:13 (2985 turns).

Kloppie the Skirmisher (Demonspawn Berserker)       Turns: 2985, Time: 00:05:14

Health: -8/78      AC:  8    Str: 22    XL:     6   Next: 96%
Magic:  6/6        EV: 11    Int: 13    God:    Trog [**....]
Gold:   97         SH:  0    Dex: 14    Spells: 0 memorised, 5 levels left

rFire  . . .     SeeInvis .     a - +0 falchion
rCold  + . .     Gourm    .     k - +1 ring mail {rC+}
rNeg   . . .     Faith    .     (no shield)
rPois  .         Spirit   .     (helmet restricted)
rElec  .         Reflect  .     (no cloak)
rCorr  .         Harm     .     (no gloves)
MR     .....                    o - +1 pair of boots
Stlth  ..........               (no amulet)
                                z - +4 ring of intelligence
                                (no ring)

@: berserking, drained, very quick
A: antennae 2
a: Berserk, Trog's Hand, Burn Spellbooks, Renounce Religion


You were on level 4 of the Dungeon.
You worshipped Trog.
Trog was pleased with you.
You were very hungry.

You visited 1 branch of the dungeon, and saw 4 of its levels.

You collected 97 gold pieces.

Inventory:

Hand Weapons
 a - a +0 falchion (weapon)
Armour
 k - a +1 ring mail of cold resistance (worn)
 o - a +1 pair of boots (worn)
 p - a +0 chain mail
Jewellery
 t - an uncursed amulet of the gourmand
 z - a +4 ring of intelligence (right hand)
Scrolls
 g - a scroll of amnesia {unknown}
 m - a scroll of identify
 r - a scroll of blinking
 A - a scroll of noise {unknown}
Potions
 b - a potion of heal wounds
 d - 2 potions of agility
 e - 3 potions of resistance
 i - a potion of magic
 j - a potion of cure mutation
 l - a potion of might {unknown}
 s - a potion of haste
 u - a potion of invisibility {unknown}
 B - a potion of mutation {unknown}
Comestibles
 c - a bread ration
 f - a meat ration
 n - 2 fruits


   Skills:
 + Level 5.9(5.7) Fighting
 + Level 5.5(5.3) Long Blades
 - Level 1.7(1.6) Armour
 - Level 1.7(1.6) Dodging


You had 5 spell levels left.
You didn't know any spells.

Dungeon Overview and Level Annotations

Branches:
Dungeon (4/15)
 Temple: D:4-7

Altars:
Nemelex Xobeh
Ru
Zin

Annotations:
D:4 Blork the orc


Innate Abilities, Weirdness & Mutations

You have a pair of antennae on your head.


Message History

The ogre is almost dead.
Something hits you but does no damage.
You barely miss the ogre.
The ogre is almost dead.
The orc barely misses you. The ogre closely misses you. Something hits you!
* * * LOW HITPOINT WARNING * * *
You closely miss the ogre.
The ogre is almost dead.
You barely miss the ogre.
The ogre is almost dead.
Something hits you!
* * * LOW HITPOINT WARNING * * *
The orc hits you with a flail of crushing.
* * * LOW HITPOINT WARNING * * *
x2 The ogre barely misses you.
You slash the ogre!
You kill the ogre!
Trog accepts your kill. Something hits you!
You die...

#..... #####....####
........<... ....?....
..$.... #.# #..oo####.#
#.# #.o){...?.# ..# #..@#
###.# #...# ...# #...#
#.###### #...# #......#
#...# #####<.###.###.#.##
.....[.#......#...########
######.#.#.##............#
#.#.#.##.....#.####.#


You could see 3 orcs.

Vanquished Creatures
  Edmund (D:4)
  2 ogres (D:4)
  Natasha (thrice) (D:3)
  Robin (D:3)
  2 adders
  3 worms (D:2)
  3 dart slugs
  2 leopard geckos (D:3)
  8 orcs
  A ball python (D:3)
  3 giant cockroaches
  19 goblins
  12 hobgoblins
  3 jackals (D:3)
  3 quokkas
  8 bats
  7 frilled lizards
  9 kobolds
  4 rats
94 creatures vanquished.

Notes
Turn   | Place    | Note
-------+----------+-------------------------------------------
     0 | D:1      | Kloppie the Demonspawn Berserker began the quest for the Orb.
     0 | D:1      | Reached XP level 1. HP: 18/18 MP: 1/1
   196 | D:1      | Gained mutation: You have a pair of small antennae on your head. [demonic ancestry]
   196 | D:1      | Reached XP level 2. HP: 21/24 MP: 2/2
   402 | D:1      | Gained mutation: You have a pair of antennae on your head. [demonic ancestry]
   402 | D:1      | Reached XP level 3. HP: 26/29 MP: 3/3
   411 | D:1      | Reached ** piety under Trog
  1027 | D:2      | Reached XP level 4. HP: 28/37 MP: 4/4
  1491 | D:3      | Noticed Natasha
  1505 | D:3      | Killed Natasha
  1570 | D:3      | Noticed Natasha
  1579 | D:3      | Killed Natasha
  1609 | D:3      | Reached XP level 5. HP: 16/43 MP: 5/5
  1955 | D:3      | Noticed Natasha
  1974 | D:3      | Killed Natasha
  2152 | D:3      | Noticed Robin
  2177 | D:3      | Killed Robin
  2420 | D:3      | Reached skill level 5 in Fighting
  2428 | D:3      | Found a glowing silver altar of Zin.
  2442 | D:3      | Found a sparkling altar of Nemelex Xobeh.
  2445 | D:3      | Found a sacrificial altar of Ru.
  2548 | D:4      | Noticed an ogre
  2555 | D:4      | Killed an ogre
  2555 | D:4      | Reached XP level 6. HP: 51/51 MP: 6/6
  2557 | D:4      | Noticed Edmund
  2706 | D:4      | Killed Edmund
  2706 | D:4      | Reached skill level 5 in Long Blades
  2969 | D:4      | Noticed Blork the orc
  2985 | D:4      | Mangled by Blork the orc

Skill      XL: |  1  2  3  4  5  6 |
---------------+-------------------+-----
Long Blades    | 3 4 5 |  5.5
Fighting       | 4 5 |  5.9
Armour         | |  1.7
Dodging        | |  1.7

Action                   |  1- 3 |  4- 6 || total
-------------------------+-------+-------++-------
Melee: Falchion          |   146 |   187 ||   333
Invok: Berserk           |       |     7 ||     7
       Trog's Hand       |       |     2 ||     2
  Use: Scroll            |       |    10 ||    10
  Eat: Chunk             |     1 |    12 ||    13
Armor: Animal skin       |    13 |       ||    13
       Ring mail         |    33 |    71 ||   104
Dodge: Dodged            |   107 |   122 ||   229
       Rpst.: Falchion   |    35 |    42 ||    77
